Map: Cosmic Sapphire

Players

Nice

  • Race: Protoss Protoss
  • League: Diamond
  • Spawn Location: 11:00

Lambo - Winner!

  • Race: Zerg Zerg
  • Spawn Location: 5:00

Event: HomeStory Cup XXII

VOD

Have the link to the VOD?

Description

Time

  • Played on: Dec. 15, 2022, 10:47 a.m.
  • Length: 8:59

All games in this series

Show
View Real Time Build Order
Export as new Build Order

Nice Protoss 

Build Orders: 1 Gate Expand, Oracle Opening, Phoenix Opening, Mass Phoenix 

Get SALT Encoding   

  12  0:00  Probe  
  13  0:12  Probe  
  14  0:20  Pylon  
  14  0:24  Probe  
  15  0:29  Assimilator  
  15  0:38  Probe (Chrono Boost)  
  16  0:43  Gateway  
  17  0:50  Probe (Chrono Boost)  
  17  0:55  Probe (Chrono Boost)  
  18  1:04  Probe  
  19  1:16  Probe  
  20  1:24  Nexus  
  20  1:32  Cybernetics Core  
  20  1:39  Assimilator  
  20  1:40  Probe  
  21  1:47  Pylon  
  21  1:52  Probe  
  22  2:03  Probe  
  23  2:08  Adept (Chrono Boost), Stargate  
  23  2:11  Probe  
  26  2:18  Warp Gate  
  26  2:19  Probe  
  27  2:31  Adept  
  27  2:34  Probe  
  27  2:36  Probe  
  31  2:46  Probe  
  31  2:48  Probe  
  37  2:58  Void Ray (Chrono Boost), Probe  
  37  3:01  Probe  
  39  3:11  Probe, Pylon  
  40  3:13  Probe  
  41  3:23  Probe  
  41  3:25  Oracle (Chrono Boost), Probe  
  46  3:35  Probe  
  46  3:37  Probe  
  48  3:47  Probe  
  48  3:52  Phoenix (Chrono Boost)  
  50  3:59  Nexus  
  50  4:02  Probe  
  51  4:05  Assimilator  
  51  4:06  Assimilator  
  51  4:07  Probe, Pylon  
  52  4:12  Stargate  
  52  4:14  Probe  
  53  4:19  Probe  
  53  4:22  Pylon  
  54  4:24  Phoenix (Chrono Boost), Pylon  
  54  4:26  Probe  
  57  4:31  Probe  
  57  4:38  Probe  
  59  4:40  Phoenix (Chrono Boost)  
  59  4:44  Probe  
  62  4:50  Probe  
  63  4:54  Adept  
  63  4:56  Probe  
  63  4:57  Pylon  
  63  4:59  Phoenix x2 (Chrono Boost)  
  70  5:02  Probe  
  70  5:06  Shield Battery  
  71  5:08  Probe  
  72  5:14  Probe x2  
  72  5:20  Probe  
  79  5:23  Phoenix (Chrono Boost)  
  79  5:24  Phoenix (Chrono Boost)  
  79  5:26  Probe x2  
  81  5:34  Adept, Probe  
  84  5:38  Probe  
  84  5:39  Probe  
  88  5:42  Phoenix (Chrono Boost)  
  88  5:44  Shield Battery  
  88  5:46  Probe  
  89  5:50  Probe  
  89  5:51  Probe  
  89  5:52  Assimilator  
  89  5:53  Assimilator, Protoss Air Weapons Level 1  
  89  5:55  Pylon  
  91  5:58  Forge, Probe  
  91  6:02  Probe  
  91  6:03  Probe  
  96  6:07  Phoenix (Chrono Boost)  
  96  6:10  Probe  
  97  6:14  Robotics Facility  
  97  6:15  Probe  
  97  6:16  Forge  
  97  6:17  Twilight Council  
  97  6:18  Phoenix  
  98  6:20  Probe  
  98  6:22  Probe  
  102  6:29  Phoenix  
  106  6:37  Gateway  
  106  6:38  Gateway  
  104  6:43  Phoenix  
  104  6:53  Gateway  
  100  6:56  Phoenix, Gateway  
  100  6:58  Gateway  
  102  7:08  Phoenix (Chrono Boost)  
  102  7:15  Gateway  
  102  7:16  Warp Prism, Gateway  
  102  7:17  Zealot  
  102  7:19  Pylon  
  102  7:20  Charge (Chrono Boost)  
  102  7:21  Phoenix (Chrono Boost)  
  108  7:22  Photon Cannon  
  108  7:27  Pylon  
  108  7:36  Phoenix (Chrono Boost)  
  108  7:38  Zealot x2  
  108  7:39  Zealot  
  108  7:42  Pylon  
  114  7:44  Pylon  
  114  7:48  Zealot  
  116  7:54  Zealot  
  118  8:00  Phoenix x2  
  118  8:04  Zealot  
  118  8:05  Zealot x3  
  130  8:08  Zealot  
  130  8:11  Immortal (Chrono Boost)  
  134  8:14  Zealot x3  
  140  8:20  Pylon  
  135  8:27  Phoenix  
  135  8:28  Phoenix  
  95  8:43  Zealot x5  
  95  8:44  Zealot  
Show
View Real Time Build Order
Export as new Build Order

Lambo Zerg - Winner!

Build Orders: Hatch First 

Get SALT Encoding   

  12  0:00  Drone  
  13  0:12  Overlord  
  13  0:16  Drone  
  14  0:31  Drone x2  
  16  0:47  Hatchery  
  15  0:51  Drone  
  15  0:54  Drone  
  17  0:58  Drone  
  18  1:08  Extractor  
  17  1:12  Spawning Pool  
  17  1:15  Drone  
  17  1:19  Drone  
  18  1:28  Drone  
  19  1:39  Drone  
  20  1:49  Drone  
  21  1:59  Queen x2  
  21  2:00  Zergling x2, Overlord  
  26  2:10  Metabolic Boost, Drone  
  26  2:11  Drone  
  28  2:21  Drone  
  28  2:22  Drone  
  30  2:32  Hatchery  
  30  2:33  Drone  
  30  2:36  Drone  
  31  2:42  Drone  
  31  2:43  Overlord  
  32  2:48  Queen  
  34  2:54  Zergling x4  
  36  3:01  Queen  
  38  3:10  Overlord  
  38  3:12  Drone x4  
  42  3:15  Drone  
  43  3:25  Overlord  
  43  3:28  Queen  
  43  3:30  Drone  
  46  3:35  Drone  
  47  3:42  Overlord  
  47  3:44  Drone x4  
  47  3:46  Queen  
  47  3:47  Drone x2  
  55  3:56  Overlord  
  55  3:57  Overlord  
  55  3:59  Drone  
  55  4:00  Drone  
  55  4:02  Drone x2  
  58  4:05  Drone  
  58  4:06  Roach Warren  
  58  4:07  Drone  
  59  4:10  Spore Crawler  
  59  4:12  Spore Crawler  
  59  4:16  Drone x2  
  59  4:18  Drone x2  
  59  4:21  Drone  
  62  4:27  Drone  
  62  4:28  Drone x2  
  62  4:30  Queen  
  67  4:37  Drone, Extractor  
  67  4:38  Extractor  
  65  4:39  Drone x3  
  65  4:40  Drone x3  
  65  4:42  Drone  
  72  4:47  Lair  
  72  4:51  Drone x4  
  76  4:55  Drone  
  76  4:58  Drone  
  77  5:01  Drone, Extractor  
  77  5:02  Overlord  
  77  5:05  Drone x2  
  77  5:06  Overlord  
  79  5:11  Extractor  
  79  5:13  Extractor  
  77  5:15  Evolution Chamber  
  77  5:17  Drone  
  77  5:18  Queen, Overlord  
  77  5:19  Drone  
  77  5:20  Drone  
  81  5:22  Drone  
  81  5:24  Drone x2, Overlord  
  81  5:28  Overlord  
  84  5:29  Roach x3  
  84  5:33  Overlord  
  90  5:36  Roach  
  90  5:37  Roach x2  
  90  5:40  Drone  
  90  5:41  Zerg Missile Weapons Level 1  
  96  5:46  Hatchery  
  96  5:47  Zergling x4  
  96  5:48  Zergling x2  
  98  5:52  Drone x2  
  98  5:55  Spore Crawler  
  98  5:56  Roach x2  
  103  5:59  Roach x2  
  107  6:12  Drone  
  107  6:13  Spore Crawler x2, Queen x2, Drone x2  
  107  6:16  Overlord  
  107  6:17  Overlord  
  112  6:23  Overlord  
  112  6:27  Overlord  
  112  6:28  Hydralisk Den, Overlord  
  112  6:29  Overlord  
  112  6:32  Pneumatized Carapace  
  111  6:37  Overlord  
  110  6:41  Overlord  
  110  6:43  Drone x3  
  113  6:50  Roach x5  
  113  6:52  Spore Crawler  
  113  6:53  Roach x2  
  125  7:00  Overlord x2  
  125  7:02  Grooved Spines  
  125  7:07  Hydralisk x3  
  130  7:13  Hydralisk x3  
  136  7:18  Hydralisk x2  
  140  7:23  Roach x3  
  140  7:26  Roach x2  
  140  7:27  Overlord  
  150  7:33  Overlord  
  150  7:35  Overlord x3  
  150  7:42  Overlord  
  150  7:44  Overlord  
  150  7:46  Roach x4  
  150  7:49  Ravager  
  158  7:52  Ravager x7  
  162  7:58  Ravager  
  162  7:59  Hydralisk x4  
  162  8:05  Roach x3  
  176  8:12  Roach  
  177  8:18  Roach  
  177  8:19  Roach x3  
  185  8:21  Roach x5  
  193  8:33  Hydralisk  
  188  8:34  Hydralisk  
Tags
 
Add a new tag
Caveats
  • Supply blocks, unpowered buildings, or Contaminate may cause inaccurate times.
  • Supply counts are checked every 10 seconds.